Cogmind - Beta 10.2 @@@ ROGUE MODE // 2021.10.09 @ 16:43:46 Player: zapruda Result: Destroyed by Y-45 Defender with Heavy Assault Rifle Performance ------------- Evolutions (2) 1000 Regions Visited (6) 1200 Robots Destroyed (73) 365 Value Destroyed (1930) 1930 Prototype IDs (31) 620 Alien Tech Used (0) 0 Bonus (344) 344 TOTAL SCORE: 5459 Bonus ------- High Alert Combat Kills 44 Aligned with FarCom 300 Cogmind --------- Core Integrity 0/550 Matter 295/300 Energy 95/100 System Corruption 0% Temperature Cool (0) Movement Core (650) Ox12 Location -8/Materials Parts ------- > --- POWER (1) -------- (None) > --- PROPULSION (2) --- (None) > --- UTILITY (6) ------ High-capacity Storage Unit Improved Signal Interpreter 0b10 Alert Chip Improved Propulsion Shielding Improved Weapon Shielding Hacking Suite > --- WEAPON (2) ------- Katana > --- INVENTORY (12) --- Improved Heat Sink Large Battery (300) Improved Terrain Scanner Seismic Analyzer Targeting Computer Improved Power Shielding Utility Shielding High-powered Tractor Beam Peak State ------------ > --- POWER ------------ Light Nuclear Core > --- PROPULSION ------- Armored Treads Armored Treads > --- UTILITY ---------- High-capacity Storage Unit Experimental Sensor Array Improved Signal Interpreter 0b10 Alert Chip Utility Shielding Hacking Suite > --- WEAPON ----------- Improved EM Shotgun Shock Rifle > --- INVENTORY -------- Light Nuclear Core Large Battery Improved Terrain Scanner Seismic Analyzer Targeting Computer Power Shielding Improved Weapon Shielding High-powered Tractor Beam Improved Grenade Launcher Katana [Rating: 36] Favorites ----------- Power Reinforced Ion Engine Engine Reinforced Ion Engine Power Core Light Nuclear Core Propulsion Armored Treads Treads Armored Treads Leg Aluminum Leg Flight Unit Improved Flight Unit Utility Improved Signal Interpreter Device Experimental Sensor Array Storage High-capacity Storage Unit Processor Improved Signal Interpreter Hackware Hacking Suite Protection Utility Shielding Weapon Shock Rifle Energy Gun Shock Rifle Launcher Improved Grenade Launcher Slashing Weapon Katana Build | -11 -10 -9 -9 -9 -8 -8 ------- Run | Scr Mat Mat Min Exi Min Mat Slots Evolved 4 | . . 2 . . . 2 Power . | . . . . . . . Propulsion . | . . . . . . . Utility 4 | . . 2 . . . 2 Weapon . | . . . . . . . Parts Attached 48 | . 6 17 6 . . 19 Power 7 | . 1 1 . . . 5 Engine 2 | . 1 1 . . . . Core 5 | . . . . . . 5 Reactor . | . . . . . . . Propulsion 7 | . . 5 1 . . 1 Treads 5 | . . 3 1 . . 1 Leg 1 | . . 1 . . . . Wheel . | . . . . . . . Hover . | . . . . . . . Flight 1 | . . 1 . . . . Utility 18 | . 3 6 3 . . 6 Device 4 | . 1 1 2 . . . Storage 5 | . 1 3 . . . 1 Processor 2 | . . 1 . . . 1 Hackware 1 | . . 1 . . . . Protection 6 | . 1 . 1 . . 4 Artifact . | . . . . . . . Weapon 16 | . 2 5 2 . . 7 Energy Gun 11 | . 1 5 1 . . 4 Energy Cannon . | . . . . . . . Ballistic Gun . | . . . . . . . Ballistic Cannon . | . . . . . . . Launcher 3 | . 1 . 1 . . 1 Special Weapon . | . . . . . . . Impact Weapon . | . . . . . . . Slashing Weapon 2 | . . . . . . 2 Piercing Weapon . | . . . . . . . Special Melee Weapon . | . . . . . . . Unidentified Prototypes 6 | . . 3 1 . . 2 Parts Lost 16 | . 2 1 . . . 13 Power 4 | . 1 . . . . 3 Propulsion 3 | . . . . . . 3 Utility 1 | . . . . . . 1 Weapon 8 | . 1 1 . . . 6 Highest Loss Streak 4 | . 2 1 . . . 4 Average Slot Usage (%) 97 | . 96 99 100 100 100 86 Engine 9 | . 13 11 11 11 11 . Core 1 | . . . . . . 5 Treads 17 | . . 16 22 22 22 11 Leg 3 | . 28 5 . . . . Device 9 | . 2 11 10 11 11 3 Storage 11 | . 11 13 11 11 11 11 Processor 10 | . . 8 11 11 11 18 Hackware 8 | . . 4 11 11 11 9 Protection 4 | . 12 6 . . . 9 Energy Gun 19 | . 21 21 21 22 22 10 Naked Turns . | . . . . . . . Heaviest Build 52 | 11 17 49 52 49 49 50 Greatest Support 40 | 20 20 40 40 40 40 40 Greatest Overweight (x) 14 | . . 8 1 1 1 14 Average Overweight (x) . | . . . 1 1 1 1 Largest Inventory Capacity 12 | . 8 12 12 12 12 12 Average Capacity 10 | . 5 9 12 12 12 12 Most Carried 12 | . 6 12 12 12 12 11 Average Carried 10 | . 5 8 12 11 12 8 Final Capacity 12 | 6 8 12 12 12 12 12 Final Carried 12 | 6 5 12 12 12 12 8 Class Distribution -------------------- 82% | Mutant 13% | Skirmisher 4% | Scavenger-Mutant Dominant Class ---------------- Mutant | -10/Materials Mutant | -9/Materials Mutant | -9/Mines Mutant | -9/Exiles Skirmisher | -8/Mines Mutant | -8/Materials Resources | -11 -10 -9 -9 -9 -8 -8 ----------- Run | Scr Mat Mat Min Exi Min Mat Matter Collected 691 | 160 90 190 86 . . 165 Remotely . | . . . . . . . Salvage Created 3004 | . 340 1023 160 . . 1481 Parts 163 | . 21 63 16 . . 63 Haulers Intercepted 7 | . 1 4 . . . 2 Recyclers Shooed 1 | . . 1 . . . . Parts Field Recycled . | . . . . . . . Retrieved Matter . | . . . . . . . Parts Self-Destructed . | . . . . . . . Prevented . | . . . . . . . Kills | -11 -10 -9 -9 -9 -8 -8 ------- Run | Scr Mat Mat Min Exi Min Mat Combat Hostiles Destroyed 42 | . 5 11 1 . . 25 Melee 7 | . . . . . . 7 Guns 32 | . 4 9 1 . . 18 AOE 3 | . 1 2 . . . . Classes Destroyed 13 | . 6 4 1 . . 2 Worker 9 | . 1 2 5 . . 1 Builder 4 | . 1 3 . . . . Tunneler 3 | . . 1 2 . . . Hauler 7 | . 1 4 . . . 2 Recycler 1 | . . 1 . . . . Operator 2 | . 1 1 . . . . Watcher 6 | . 1 3 . . . 2 Swarmer 2 | . . . . . . 2 Grunt 27 | . 5 7 . . . 15 Brawler 1 | . . 1 . . . . Duelist 2 | . . . . . . 2 Sentry 9 | . . 3 . . . 6 Assembled 1 | . . . 1 . . . Best Kill Streak 7 | . 5 4 2 . . 7 Combat Bots Only 7 | . 2 3 1 . . 7 Max Kills in Single Turn 4 | . 1 4 2 . . 1 Gunslinging . | . . . . . . . Exploded 2 | . 1 2 . . . . Melee 1 | . . . . . . 1 Uniques/NPCs Destroyed . | . . . . . . . Combat | -11 -10 -9 -9 -9 -8 -8 -------- Run | Scr Mat Mat Min Exi Min Mat Damage Taken 3212 | . 234 304 100 . . 2574 Core 674 | . 57 31 29 . . 557 Absorbed by Shields . | . . . . . . . Core Remaining (%) 87 | 100 77 . . . 85 . Volleys Fired 167 | . 40 45 13 . . 69 Largest 2 | . 2 2 2 . . 2 Hottest 105 | . 100 100 95 . . 105 Shots Fired 262 | . 58 89 21 . . 94 Gun 260 | . 58 89 19 . . 94 Cannon . | . . . . . . . Launcher 2 | . . . 2 . . . Special . | . . . . . . . Kinetic . | . . . . . . . Thermal 68 | . 27 . . . . 41 Explosive 2 | . . . 2 . . . Electromagnetic 192 | . 31 89 19 . . 53 Robot Hit Streak 18 | . 6 12 6 . . 18 Robot Miss Streak 3 | . 3 2 3 . . 2 Penetration Max . | . . . . . . . Secondary Targets 1 | . . . . . . 1 Max Gunslinging Chain 1 | . . . . . . 1 Shots Hit Robots 204 | . 34 62 10 . . 98 Core Hits 111 | . 14 35 10 . . 52 Critical Hits 2 | . . 1 . . . 1 Critical Kills 1 | . . . . . . 1 Critical Parts Destroyed . | . . . . . . . Melee Attacks 36 | . . . . . . 36 Impact . | . . . . . . . Slashing 36 | . . . . . . 36 Piercing . | . . . . . . . Sneak Attacks 2 | . . . . . . 2 Combat Hostiles . | . . . . . . . Follow-up Attacks . | . . . . . . . Damage Inflicted 4552 | . 468 1553 143 . . 2388 Guns 3068 | . 424 1239 143 . . 1262 Cannons . | . . . . . . . Explosions 568 | . 44 313 . . . 211 Melee 915 | . . . . . . 915 Ramming 1 | . . 1 . . . . Kinetic . | . . . . . . . Thermal 1250 | . 233 313 . . . 704 Explosive . | . . . . . . . Electromagnetic 2386 | . 235 1239 143 . . 769 Impact . | . . . . . . . Slashing 915 | . . . . . . 915 Piercing . | . . . . . . . Highest Corruption . | . . . . . . . Average Corruption . | . . . . . . . Corruption Purged . | . . . . . . . Overload Shots . | . . . . . . . Overflow Damage 59 | . . . . . . 59 Projectiles . | . . . . . . . Explosions 36 | . . . . . . 36 Melee 23 | . . . . . . 23 Knockbacks . | . . . . . . . Impact . | . . . . . . . Kinetic . | . . . . . . . Secondary . | . . . . . . . Self-Inflicted Damage 171 | . . 56 44 . . 71 Shots 5 | . . 2 1 . . 2 Rammed 1 | . . 1 . . . . Targets Rammed 1 | . . 1 . . . . Kicked . | . . . . . . . Crushed . | . . . . . . . Highest Temperature 442 | . 271 201 72 . . 442 Average Temperature 86 | . 118 53 23 . . 112 Received Heat Transfer 1275 | . 126 105 . . . 1044 Effects 7 | . 1 . . . . 6 Shutdowns 2 | . . . . . . 2 Energy Bleed 1 | . 1 . . . . . Short Circuit 2 | . . . . . . 2 Damage (major) 2 | . . . . . . 2 Siege Activations . | . . . . . . . Robots Corrupted 1 | . . 1 . . . . Combat Hostiles . | . . . . . . . Parts Fried 14 | . . 11 1 . . 2 Impact Corruptions . | . . . . . . . Robots Melted . | . . . . . . . Combat Hostiles . | . . . . . . . Parts Melted 2 | . . 2 . . . . Heat Transferred 2217 | . 605 350 . . . 1262 Parts Sabotaged . | . . . . . . . Parts Stolen . | . . . . . . . Parts Stripped . | . . . . . . . Power Chain Reactions 9 | . 1 6 . . . 2 Missiles Intercepted . | . . . . . . . Alert | -11 -10 -9 -9 -9 -8 -8 ------- Run | Scr Mat Mat Min Exi Min Mat Peak Influence 542 | . 144 292 55 . . 542 Initial 60 | . . 60 40 . . . Average 127 | . 74 143 31 . . 266 Maximum Alert Level 2 | . . 1 . . . 2 Low Security (%) 76 | . 100 76 100 . 100 36 Level 1 20 | . . 23 . . . 48 Level 2 3 | . . . . . . 15 Level 3 . | . . . . . . . Level 4 . | . . . . . . . Level 5 . | . . . . . . . High Security . | . . . . . . . Max Security . | . . . . . . . Squads Dispatched 13 | . 3 3 . . . 7 Investigation 5 | . 2 2 . . . 1 Extermination . | . . . . . . . Reinforcement 2 | . 1 1 . . . . Assault . | . . . . . . . Garrison 6 | . . . . . . 6 Intercept . | . . . . . . . Construction Impeded . | . . . . . . . Haulers Reinforced . | . . . . . . . Stealth | -11 -10 -9 -9 -9 -8 -8 --------- Run | Scr Mat Mat Min Exi Min Mat Distress Signals 7 | . 2 2 . . . 3 Communications Jammed . | . . . . . . . Distress Signals . | . . . . . . . Times Spotted 62 | . 9 16 1 . . 36 Peak Tracking Total 7 | . 4 4 1 . . 7 Tactical Retreats 5 | . . 2 . . . 3 Traps | -11 -10 -9 -9 -9 -8 -8 ------- Run | Scr Mat Mat Min Exi Min Mat Traps Triggered 2 | . 1 . . . . 1 Indirectly . | . . . . . . . Trap Hack Attempts . | . . . . . . . Triggered . | . . . . . . . Disarmed . | . . . . . . . Reprogrammed . | . . . . . . . Reused . | . . . . . . . Traps Extracted . | . . . . . . . Installed . | . . . . . . . Triggered . | . . . . . . . Machines | -11 -10 -9 -9 -9 -8 -8 ---------- Run | Scr Mat Mat Min Exi Min Mat Machines Disabled 3 | . . . 1 . . 2 Max in Single Turn 1 | . . . 1 . . 1 Machines Sabotaged . | . . . . . . . Garrisons Compromised . | . . . . . . . Overloaded Fab Kills . | . . . . . . . Fab Network Shutdowns . | . . . . . . . Hacking | -11 -10 -9 -9 -9 -8 -8 --------- Run | Scr Mat Mat Min Exi Min Mat Machines Accessed 19 | . 4 8 . 4 . 3 Terminals 10 | . 3 6 . . . 1 Fabricators . | . . . . . . . Repair Stations 2 | . . . . . . 2 Recycling Units 1 | . 1 . . . . . Scanalyzers 2 | . . 2 . . . . Garrison Access . | . . . . . . . Total Hacks 87 | . 13 34 . 27 . 13 Successful 65 | . 6 23 . 27 . 9 Failed 22 | . 7 11 . . . 4 Catastrophic 2 | . . 2 . . . . Database Lockouts . | . . . . . . . Manual 2 | . . . . 2 . . Terminals 32 | . 12 16 . . . 4 Fabricators . | . . . . . . . Repair Stations 9 | . . . . . . 9 Recycling Units 1 | . 1 . . . . . Scanalyzers 18 | . . 18 . . . . Garrison Access . | . . . . . . . Terminal Hacks 42 | . 5 9 . 27 . 1 Record 29 | . . 3 . 26 . . Prototype ID Bank 1 | . . 1 . . . . Branch Access Points 1 | . . 1 . . . . Alert Level 4 | . 2 1 . . . 1 Investigation Status 1 | . 1 . . . . . Hauler Manifests 2 | . 1 1 . . . . Registered Components 1 | . . 1 . . . . Zone Layout 2 | . 1 1 . . . . EX-Prototype ID Bank 1 | . . . . 1 . . Fabricator Hacks . | . . . . . . . Repair Station Hacks 8 | . . . . . . 8 Scan Component 4 | . . . . . . 4 Repair 4 | . . . . . . 4 Recycling Unit Hacks 1 | . 1 . . . . . Report Inventory 1 | . 1 . . . . . Scanalyzer 14 | . . 14 . . . . Insert Component 7 | . . 7 . . . . Analyze 7 | . . 7 . . . . Garrison Access Hacks . | . . . . . . . Unauthorized Hacks . | . . . . . . . Terminals . | . . . . . . . Fabricators . | . . . . . . . Repair Stations . | . . . . . . . Recycling Units . | . . . . . . . Scanalyzers . | . . . . . . . Garrison Access . | . . . . . . . Data Cores Recovered . | . . . . . . . Used . | . . . . . . . Hacking Detections 14 | . 3 8 . . . 3 Full Trace Events 4 | . 1 2 . . . 1 Feedback Events . | . . . . . . . Feedback Blocked . | . . . . . . . Robot Schematics Acquired . | . . . . . . . Robots Built . | . . . . . . . Matter . | . . . . . . . Time . | . . . . . . . Total Robot Build Rating . | . . . . . . . Part Schematics Acquired 6 | . . 6 . . . . Parts Built . | . . . . . . . Matter . | . . . . . . . Time . | . . . . . . . Total Part Build Rating . | . . . . . . . Parts Repaired 4 | . . . . . . 4 Time 128 | . . . . . . 128 Parts Recycled . | . . . . . . . Recycled Matter . | . . . . . . . Retrieved Matter . | . . . . . . . Retrieved Components . | . . . . . . . Parts Scanalyzed 6 | . . 6 . . . . Part Schematics Acquired 6 | . . 6 . . . . Parts Damaged . | . . . . . . . Bothacking | -11 -10 -9 -9 -9 -8 -8 ------------ Run | Scr Mat Mat Min Exi Min Mat Used RIF Installer . | . . . . . . . Robots Hacked . | . . . . . . . Non-combat . | . . . . . . . Combat . | . . . . . . . Robot Hacks Applied . | . . . . . . . Relay Couplers Released . | . . . . . . . Robots Rewired . | . . . . . . . Allies Hacked . | . . . . . . . Hacks Repelled . | . . . . . . . Allies | -11 -10 -9 -9 -9 -8 -8 -------- Run | Scr Mat Mat Min Exi Min Mat Total Allies . | . . . . . . . Largest Group . | . . . . . . . Highest-Rated Group . | . . . . . . . Highest-Rated Ally . | . . . . . . . Total Orders . | . . . . . . . Ally Attacks . | . . . . . . . Total Damage . | . . . . . . . Kills . | . . . . . . . Allies Corrupted . | . . . . . . . Allies Melted . | . . . . . . . Intel | -11 -10 -9 -9 -9 -8 -8 ------- Run | Scr Mat Mat Min Exi Min Mat Robot Analysis Total . | . . . . . . . Derelict Logs Recovered 1 | . . . 1 . . . Drone Launches . | . . . . . . . Drone Recoveries . | . . . . . . . Exploration | -11 -10 -9 -9 -9 -8 -8 ------------- Run | Scr Mat Mat Min Exi Min Mat Turns Passed 5389 | . 330 1539 837 1370 405 908 Spaces Moved 2518 | 1 178 793 389 721 214 222 Core 4 | . . 1 . . . 3 Treads 2122 | . . 579 389 721 214 219 Legs 392 | 1 178 213 . . . . Wheels . | . . . . . . . Hover . | . . . . . . . Flight . | . . . . . . . Fastest Speed 120 | 120 120 120 190 190 190 190 Average Speed 179 | 120 120 169 190 190 190 205 Slowest Speed 750 | 120 120 450 190 190 190 750 Overloaded Moves . | . . . . . . . Propulsion Burnouts . | . . . . . . . Robots Hopped . | . . . . . . . Cave-ins Triggered . | . . . . . . . Exploration Rate (%) 49 | 2 38 78 62 93 61 14 Regions Visited 6 Branch Regions 3 Pre-discovered Areas 1 | . . . . 1 . . Known Exits Taken 4 | . . 1 1 1 1 . Unknown Exits Taken 2 | 1 1 . . . . . Scrap Searched 3 | . . . 2 . 1 . Spaces Dug 13 | . . . 11 . . 2 Terrain Destroyed 49 | . 6 14 16 . . 13 Melee 2 | . . . . . . 2 Projectile . | . . . . . . . AOE 47 | . 6 14 16 . . 11 Terrain Rammed . | . . . . . . . Walls Destroyed . | . . . . . . . Machines Disabled . | . . . . . . . Actions | -11 -10 -9 -9 -9 -8 -8 --------- Run | Scr Mat Mat Min Exi Min Mat Total 3067 | . 238 900 465 722 213 529 Wait 226 | . . 10 53 . . 163 Move 2512 | . 177 792 388 720 213 222 Hop . | . . . . . . . Pick Up 43 | . 8 17 2 1 . 15 Fast Attach 8 | . 1 6 1 . . . Attach 23 | . 2 5 . . . 16 Detach 2 | . . 1 . . . 1 Swap 18 | . 3 7 5 . . 3 Drop 31 | . 7 16 3 1 . 4 Fire 167 | . 40 45 13 . . 69 Melee 36 | . . . . . . 36 Ram . | . . . . . . . Kick . | . . . . . . . Crush 1 | . . 1 . . . . Escape Stasis . | . . . . . . . Rewire . | . . . . . . . Trap . | . . . . . . . Miscellaneous . | . . . . . . . Route ------- -11/Scrapyard -10/Materials (discovered 2 exits: *Mat x2) -9/Materials (discovered 3 exits: *Mat / *Min x2) -9/Mines (discovered 3 exits: *Mat x2 / *Exi) -9/Exiles (discovered 2 exits: *Min x2) -8/Mines (discovered 2 exits: *Mat x2) -8/Materials (discovered 1 exit: Fac) History --------- Turn | Location | Event 1 | -11/Scrapyard | Discovered new exit (range 0) 1 | -11/Scrapyard | Entered Materials 257 | -10/Materials | Discovered new exit (range 12) 307 | -10/Materials | Build established: Mutant 309 | -10/Materials | Discovered new exit (range 18) 331 | -10/Materials | Entered another Materials area 331 | -9/Materials | Evolved 2 slots: Utility x2 429 | -9/Materials | Identified exit to Mines 538 | -9/Materials | Met 8R-AWN 899 | -9/Materials | Discovered new exit (range 13) 920 | -9/Materials | Identified exit to Materials 1870 | -9/Materials | Entered Mines 1872 | -9/Mines | Followed 8R-AWN into the Mines 1914 | -9/Mines | Discovered exit to Materials (range 11) 1969 | -9/Mines | Excavation squad dispatched 1969 | -9/Mines | A large section of the Mines collapsed 2148 | -9/Mines | Discovered exit to Materials (range 9) 2419 | -9/Mines | Found a damaged Exp. Sensor Array with a note attached 2423 | -9/Mines | Found Prototype Device 2423 | -9/Mines | Identified Exp. Sensor Array 2700 | -9/Mines | Discovered new exit (range 5) 2705 | -9/Mines | Identified exit to Exiles 2707 | -9/Mines | Entered Exiles 2734 | -9/Exiles | Discovered new exit (range 15) 2755 | -9/Exiles | Welcomed by 8R-AWN 2789 | -9/Exiles | Met EX-HEX 2840 | -9/Exiles | Met EX-BIN 2863 | -9/Exiles | Aligned with FarCom system 2865 | -9/Exiles | Given EX-Vault access code 2909 | -9/Exiles | Opened EX-Vault 2996 | -9/Exiles | Warned to stay clear of 0b10 Research branches 3069 | -9/Exiles | Found 0b10 Alert Chip 3193 | -9/Exiles | Met EX-DEC 3211 | -9/Exiles | Learned location of Zion (-6) 3409 | -9/Exiles | Visited The Gauntlet 3775 | -9/Exiles | Learned about 8R-AWN's background 3836 | -9/Exiles | Identified exit to Mines 4062 | -9/Exiles | Discovered exit to Mines (range 10) 4077 | -9/Exiles | Left Exiles lab with 0b10 Alert Chip 4077 | -9/Exiles | Entered Mines 4381 | -8/Mines | Build established: Skirmisher 4408 | -8/Mines | Discovered exit to Materials (range 15) 4459 | -8/Mines | Discovered exit to Materials (range 9) 4482 | -8/Mines | Entered Materials 4482 | -8/Materials | Evolved 2 slots: Utility x2 4483 | -8/Materials | Identified exit to Factory 4576 | -8/Materials | Garrison activated, responded to threat 4847 | -8/Materials | Lost 4 parts (1n1u2w) 4874 | -8/Materials | Repaired Lgt. Nuclear Core 4901 | -8/Materials | Repaired Utility Shielding 5037 | -8/Materials | Core integrity fell below 50% 5061 | -8/Materials | Garrison activated, responded to threat 5084 | -8/Materials | Build established: Mutant 5094 | -8/Materials | Destroyed 7 combat bots 5277 | -8/Materials | Repaired Lrg. Battery 5316 | -8/Materials | Repaired Imp. Power Shielding 5357 | -8/Materials | Core integrity fell below 20% 5390 | -8/Materials | Destroyed by Y-45 Defender with Heavy Assault Rifle Last Messages --------------- Time: 38 >>Repair Repairing Imp. Power Shielding... ETC: 38 05313_ K-01 Serf collects debris. 05316_ Repair station completes Imp. Power Shielding repairs. 05316_ K-01 Serf collects debris. 05316_ Acquired Imp. Power Shielding. 05319_ K-01 Serf collects debris. 05325_ Acquired Imp. Propulsion Shielding. 05327_ K-01 Serf collects debris. 05332_ Acquired 20 matter. 05335_ K-01 Serf collects debris. 05342_ Hvy. Particle Gun destroyed. 05342_ K-01 Serf collects debris. 05345_ Arm. Treads destroyed. 05348_ Lgt. Nuclear Core destroyed. 05380_ Destroyed Beam Rifle. 05382_ Destroyed Heat Sink. 05387_ Destroyed Lgt. Armor Plating. Map ----- +----------------------------------------------------+ | ??????????????????????????????? | | ??????????????????????????????? | | ??????????????????????????????? | | ??????????????????????????????? | | ??????????????????????????????? | | ??????????????????????????????? | | ??????????????????????????????? | | ???????????###?????######?????? | | ???????###########? #?????? | | ???????# ][= #%[# #?????? | | ???????# %[ [#[=# #?????? | | ???????# """[%+=[+ [!#?????? | | ???????# "R*[=#%%# !! #????? | | ???????# """=[#%!# ##????? | | ???????# !*%#!%#?#+########## | | ???????########=*### ## # | | ???????#! =+%!### ## """ # | | ???????# !#! # "R" # | | ???????# """ # +%" " # | | ???????# """ # = #=% # | | ???????# """ # ^ # !!** # | | ???????# # ^ # !![![ # | | ???????######## "" [ # !!%= # | | ??????????????# """[[##;##!### | | ?????????????# """%[##Y#####? | | ?????????? # ![[## @ # | | ?????????? + % ## """ # | | ########?## ["" Y## """ # | | ?? #?##%*=G" ## """ # | | ???? #?# %"" ## # | | ?????? #?# # """ # | | ???????# #?# =% + """ # | | ???????# #?# ##+### """ # | | ???????# #?# # "# # | | ???????# ### # ## """ # | | ???????# * ##T # ##] """ # | | ???????# %=### # ## """ # | | ???????# %!#?# # ## # | | ???????#*[%#?# # ######### | | ???????#!%=### # #???????? | | ???????#%!=### #####???????? | | ??????##!!%###%[ #???????????? | | ??????#[= %!##%! #########???? | | ??????# T=!%%== #???? | | ??????# " = #???? | | ??????# #???? | | ??????# ###############???? | | ??????#######?????????????????? | | ??????????????????????????????? | | ??????????????????????????????? | +----------------------------------------------------+ Best States ------------- Heat Dissipation 31 Energy Generation 14 Energy Capacity 460 Matter Stores 300 Matter Capacity 300 Sight Range 16 Robot Scan Range 30 Terrain Scan Density 10 Power Shielding 66 Propulsion Shielding 66 Utility Shielding 33 Weapon Shielding 66 Evasion (%) 40 Recoil Reduction 2 Offensive Hacking 10 Item Schematics ----------------- Hacking Suite | -9/Materials | Scanalyzed Imp. Grenade Launcher | -9/Materials | Scanalyzed Arm. Treads | -9/Materials | Scanalyzed Utility Shielding | -9/Materials | Scanalyzed Shock Rifle | -9/Materials | Scanalyzed Lgt. Nuclear Core | -9/Materials | Scanalyzed Robot Schematics ------------------ None Fabricated ------------ Nothing Alien Tech Used ----------------- None Achievements -------------- None Challenges ------------ None Game ------ Seed DiametricHardlightSource Manual? 0 Play Time 00:33:12 Cumulative 52.4 hours Start 2021.10.09 @ 16:12:15 End 2021.10.09 @ 16:43:46 Sessions 1 Manual Loads 0 Difficulty Rogue Special Mode None Game No. 81 Rogue 81 Adventurer 0 Explorer 0 Win Type - Total 0 Types 0/0/0/0/0/0/0/0/0 Lore% 28 Gallery% 46 Achievement% 30 Wizard Run 0 Options --------- ASCII 0 Keyboard 0 Movement Mouse Keybinds 0 Fullscreen 1 Font 16/Cog Map View 76x50 Tactical HUD 1 Map Filters NONE Filters NONE Steam 1 RUN: 90ff0191-21f0-4ef4-8f24-b87d2fc49a7c